 Dungeon Crawl Stone Soup version 0.20.1-1-g8b1a95d (webtiles) character file.

16027 Lanoc the Fighter (level 12, 0/96 (97) HPs)
             Began as a Demonspawn Berserker on Dec 15, 2017.
             Was a High Priest of Trog.
             Slain by a minotaur
             ... wielding the +9 dagger of the Median {freeze, *Slow rF+++ Dex+9}
              (1 damage)
             ... in a labyrinth.
             The game lasted 00:51:30 (14073 turns).

Lanoc the Fighter (Demonspawn Berserker)           Turns: 14073, Time: 00:51:31

HP:   0/96 (97)     AC: 22    Str: 20    XL:     12   Next: 6%
MP:   0/12          EV: 16    Int:  4    God:    Trog [*****.]
Gold: 366           SH:  0    Dex: 21    Spells: 11/11 levels left

rFire    + . .     SeeInvis +     - Unarmed
rCold    . . .     Gourm    .   (no shield)
rNeg     . . .     Faith    +   z - +5 scale mail "Carun" {rPois MR+ Str+2 Int-4}
rPois    +         Spirit   +   V - +2 hat {SInv}
rElec    .         Reflect  .   y - +2 cloak
rCorr    .         Harm     .   f - +2 pair of gloves {archery}
MR       +....     Clarity  +   (no boots)
Stlth    +++.......             i - amulet of faith
Regen    0.3/turn               I - +3 ring of dexterity
MPRegen  0.3/turn               B - +2 ring of slaying

@: berserk cooldown, slowed, very slow
A: blurry vision 1, clarity, fire resistance 1, nightstalker 3, magic shield,
magic regeneration, magic link
a: Berserk, Trog's Hand, Brothers in Arms, Burn Spellbooks, Renounce Religion


You were in a labyrinth.
You worshipped Trog.
Trog was extremely pleased with you.
You were very hungry.

You visited 2 branches of the dungeon, and saw 13 of its levels.
You visited 1 bazaar.
You also visited: Labyrinth.

You collected 609 gold pieces.
You spent 243 gold pieces at shops.

Inventory:

Hand Weapons
 L - a +3 lajatang of electrocution
 P - a +1 blowgun
Missiles
 k - 5 javelins of returning
 n - 5 needles of frenzy
 C - 4 poisoned javelins
 J - 7 needles of sleeping
 M - 3 exploding tomahawks
 Q - 12 poisoned needles
 R - 8 tomahawks (quivered)
Armour
 c - a +1 hat of magic resistance
 f - a +2 pair of gloves of archery (worn)
 y - a +2 cloak (worn)
 z - the +5 scale mail "Carun" (worn) {rPois MR+ Str+2 Int-4}
   (You bought it in a shop in a bazaar)

   It affects your strength (+2).
   It affects your intelligence (-4).
   It protects you from poison.
   It affects your resistance to hostile enchantments.
 H - a +4 troll leather armour
 V - a +2 hat of see invisible (worn)
Magical Staves
 D - an uncursed staff of cold
 W - an uncursed staff of wizardry {unknown}
Jewellery
 h - an uncursed ring of ice
 i - an amulet of faith (around neck)
 p - a +4 ring of evasion
 t - an uncursed amulet of the gourmand {unknown}
 B - a +2 ring of slaying (right hand)
 F - an uncursed amulet of regeneration {unknown}
 I - a +3 ring of dexterity (left hand)
 K - an uncursed amulet of rage {unknown}
Wands
 s - a wand of paralysis (24/24)
 E - a wand of iceblast (5/15)
 G - a wand of clouds (2/9)
 T - a wand of polymorph (10/24)
Scrolls
 a - a scroll of recharging
 d - 2 scrolls of remove curse
 g - 4 scrolls of magic mapping
 j - 2 scrolls of identify
 o - 2 scrolls of enchant armour
 q - a scroll of teleportation
 v - 4 scrolls of enchant weapon
 x - 2 scrolls of amnesia
Potions
 e - a potion of cancellation
 l - 2 potions of heal wounds
 m - 2 potions of haste
 w - a potion of curing
 A - 3 potions of might
 N - a potion of invisibility
 O - a potion of flight
 S - 2 potions of lignification
Miscellaneous
 X - a phial of floods
Comestibles
 b - 10 bread rations
 r - 6 royal jellies
 u - 5 meat rations


   Skills:
 + Level 9.7 Fighting
 + Level 7.6 Throwing
 + Level 8.5 Armour
 + Level 8.4 Dodging
 + Level 8.7 Unarmed Combat


You had 11 spell levels left.
You didn't know any spells.

Dungeon Overview and Level Annotations

Branches:
Dungeon (12/15)            Temple (1/1) D:7            Lair (0/6) D:9
    Orc (0/2) D:10

Altars:
Ashenzari
Cheibriados
Dithmenos
Elyvilon
Fedhas
Gozag
Hepliaklqana
Kikubaaqudgha
Makhleb
Nemelex Xobeh
Okawaru
Qazlal
Ru
Sif Muna
Trog
Uskayaw
Vehumet
Xom
Yredelemnul
Zin
The Shining One

Shops:
D:4 (


Innate Abilities, Weirdness & Mutations

You are completely attuned to the shadows.
When hurt, damage is shared between your health and your magic reserves.
You regenerate magic rapidly.
When low on magic, you restore magic in place of health.
Scrolls take you a little longer to read.
You possess an exceptional clarity of mind.
Your flesh is heat resistant. (rF+)


Message History

The minotaur is severely wounded.
Your skin stops crawling.
You feel less resistant to hostile enchantments.
You hit the minotaur but do no damage.
The minotaur is severely wounded.
The minotaur hits you with an ichor-stained dagger {freeze}!!
* * * LOW HITPOINT WARNING * * *
The minotaur freezes you!
* * * LOW HITPOINT WARNING * * *
The minotaur gores you but does no damage.
You feel a strong urge to attack something.
You are no longer berserk.
You are exhausted.
You feel yourself slow down.
Your two-headed ogre goes berserk!
You feel quite a bit more hungry.
The minotaur hits you with an ichor-stained dagger {freeze}.
* * * LOW HITPOINT WARNING * * *
The minotaur freezes you.
You die...

. . # ###
## .. . .
# #.#.. .
.. . ###
...#####
##.#.
###.#8.8=
# . #.
#...'....
# .# #.
###H#8.8)
# # # .
#@######
# .
#.O......
# ## #
..#.#..
#.###.# #
# # #.#.
... #.
#### # .
.### ##
#. .....#


You could see a minotaur and a friendly two-headed ogre (berserk).

Vanquished Creatures
  Gastronok (D:9)
  The ghost of Lanoc the Grand Scion, a journeyman DsMo of Hepliaklqana (D:12)
  Erica (D:9)
  2 two-headed ogres
  The ghost of Lanoc the Skirmisher, a novice DrHu of Okawaru (D:7)
  An unseen horror (D:11)
  A deep elf mage (D:10)
  Joseph (D:9)
  2 centaur zombies
  A centaur skeleton (D:10)
  A komodo dragon (shapeshifter) (D:12)
  4 trolls
  3 hippogriffs
  2 hogs (D:9)
  2 yaks (D:9)
  2 wyverns
  A human (D:9)
  3 hungry ghosts
  A steam dragon (D:8)
  2 vampire mosquitoes (D:12)
  Menkaure (D:6)
  An acid dragon (D:11)
  2 orc warriors
  6 ogres
  A black bear (D:7)
  A necrophage (D:7)
  An ice beast (D:11)
  2 phantoms
  A crocodile (D:11)
  8 centaurs
  A big kobold (D:8)
  An elf zombie (D:7)
  8 bullfrogs
  An elf skeleton (D:7)
  A wyvern zombie (D:7)
  A water moccasin skeleton (D:7)
  A scorpion (D:11)
  A troll zombie (D:7)
  7 killer bees
  A wight (D:7)
  2 howler monkeys
  A bullfrog zombie (D:3)
  5 crimson imps
  6 hounds
  7 jellies
  A bullfrog skeleton (D:6)
  4 human zombies (D:7)
  7 orc priests
  Crazy Yiuf (D:3)
  7 orc wizards
  Terence (D:2)
  Ijyb (D:3)
  5 iguanas
  11 worker ants
  An ogre zombie (D:7)
  2 mummies (D:7)
  7 gnolls
  A howler monkey skeleton (D:7)
  3 worker ant zombies
  23 adders
  2 shadow imps (D:6)
  An ooze (D:3)
  An adder zombie (D:6)
  4 worms
  A dart slug (D:3)
  3 leopard geckos
  33 orcs
  5 ball pythons
  5 giant cockroaches
  7 goblins
  9 hobgoblins
  14 jackals
  4 quokkas
  9 bats
  7 frilled lizards
  A jackal skeleton (D:6)
  14 kobolds
  A leopard gecko zombie (D:8)
  7 rats
  A spectral orc (D:4)
305 creatures vanquished.

Vanquished Creatures (collateral kills)
  A komodo dragon (D:9)
1 creature vanquished.

Vanquished Creatures (others)
  2 plants (D:9)
2 creatures vanquished.

Grand Total: 308 creatures vanquished

Notes
Turn   | Place    | Note
-------+----------+-------------------------------------------
     0 | D:1      | Lanoc the Demonspawn Berserker began the quest for the Orb.
     0 | D:1      | Reached XP level 1. HP: 18/18 MP: 1/1
   159 | D:1      | Gained mutation: When hurt, damage is shared between your health and your magic reserves. [demonic ancestry]
   159 | D:1      | Reached XP level 2. HP: 14/24 MP: 2/2
   747 | D:2      | Found a burning altar of Makhleb.
   819 | D:2      | Reached XP level 3. HP: 29/29 MP: 3/3
   850 | D:2      | Noticed Terence
   874 | D:2      | Killed Terence
   882 | D:2      | Reached ** piety under Trog
   882 | D:2      | Gained mutation: You are slightly more attuned to the shadows. [demonic ancestry]
   882 | D:2      | Reached XP level 4. HP: 34/35 MP: 2/4
  1646 | D:2      | Found an iron altar of Okawaru.
  1767 | D:3      | Gained mutation: You regenerate magic rapidly. [demonic ancestry]
  1767 | D:3      | Reached XP level 5. HP: 28/42 MP: 2/5
  1923 | D:3      | Reached *** piety under Trog
  1923 | D:3      | Reached skill level 4 in Fighting
  2375 | D:3      | Found a runed door.
  2463 | D:3      | Reached XP level 6. HP: 48/48 MP: 3/6
  2610 | D:3      | Noticed Ijyb
  2746 | D:3      | Killed Ijyb
  3033 | D:3      | Noticed Crazy Yiuf
  3038 | D:3      | Killed Crazy Yiuf
  3194 | D:4      | Found a hazy altar of Hepliaklqana.
  3194 | D:4      | Found a deep blue altar of Sif Muna.
  3240 | D:4      | Found Igyeghig's Weapon Boutique.
  3319 | D:4      | Found an opulent altar of Gozag.
  3469 | D:4      | Reached **** piety under Trog
  3469 | D:4      | Received a gift from Trog
  3741 | D:4      | Found a stormy altar of Qazlal.
  3742 | D:4      | Found a bloodstained altar of Trog.
  3841 | D:4      | Found a basalt altar of Yredelemnul.
  3884 | D:4      | Reached XP level 7. HP: 55/55 MP: 7/7
  3956 | D:5      | Entered Level 5 of the Dungeon
  4033 | D:5      | Reached skill level 1 in Throwing
  4077 | D:5      | Reached skill level 5 in Fighting
  4538 | D:5      | Reached XP level 8. HP: 63/63 MP: 8/8
  5001 | D:6      | Noticed Menkaure
  5024 | D:6      | Killed Menkaure
  5024 | D:6      | Reached skill level 5 in Unarmed Combat
  5641 | D:6      | Reached skill level 6 in Fighting
  6061 | D:7      | Reached skill level 5 in Armour
  6106 | D:7      | Reached skill level 5 in Dodging
  6202 | D:7      | Reached ***** piety under Trog
  6202 | D:7      | Received a gift from Trog
  6479 | D:7      | Gained mutation: You are significantly more attuned to the shadows. [demonic ancestry]
  6479 | D:7      | Reached XP level 9. HP: 53/71 MP: 4/9
  6487 | D:7      | Gained mutation: Your flesh is heat resistant. (rF+) [potion of mutation]
  6487 | D:7      | Gained mutation: Scrolls take you a little longer to read. [potion of mutation]
  6487 | D:7      | Gained mutation: You possess an exceptional clarity of mind. [potion of mutation]
  6770 | D:7      | Noticed Lanoc's ghost (novice DrHu)
  6797 | D:7      | Found a staircase to the Ecumenical Temple.
  6803 | Temple   | Entered the Ecumenical Temple
  6970 | D:7      | Noticed a two-headed ogre
  6980 | D:7      | Killed a two-headed ogre
  7197 | D:7      | Reached skill level 7 in Fighting
  7276 | D:7      | Found an ancient bone altar of Kikubaaqudgha.
  7713 | D:7      | Received a gift from Trog
  7973 | D:7      | Killed Lanoc's ghost
  7973 | D:7      | Reached skill level 5 in Throwing
  7973 | D:7      | Gained mutation: When low on magic, you restore magic in place of health. [demonic ancestry]
  7973 | D:7      | Reached XP level 10. HP: 69/78 MP: 8/10
  8370 | D:8      | Found a sparkling altar of Nemelex Xobeh.
  8624 | D:8      | Found a blossoming altar of Fedhas.
  9123 | D:9      | Noticed Joseph
  9144 | D:9      | Killed Joseph
  9363 | D:9      | Reached skill level 8 in Fighting
  9672 | D:9      | Noticed Gastronok
  9693 | D:9      | Killed Gastronok
  9891 | D:9      | Found a shimmering altar of Xom.
  9945 | D:9      | Found a staircase to the Lair.
 10083 | D:9      | Reached XP level 11. HP: 86/86 MP: 8/11
 10476 | D:9      | Noticed Erica
 10485 | D:9      | Killed Erica
 11373 | D:9      | Identified a scroll of acquirement
 11409 | D:10     | Entered Level 10 of the Dungeon
 11423 | D:10     | Noticed a deep elf mage
 11462 | D:10     | Killed a deep elf mage
 11481 | D:10     | Reached skill level 9 in Fighting
 11709 | D:10     | Received a gift from Trog
 11784 | D:10     | Found a staircase to the Orcish Mines.
 12123 | D:11     | Found a flickering gateway to a bazaar.
 12266 | Bazaar   | Entered a bazaar
 12268 | Bazaar   | Found Feli's General Store.
 12272 | Bazaar   | Found Farchan's Book Boutique.
 12272 | Bazaar   | Found Xiessoaz's Antique Armour Boutique.
 12276 | Bazaar   | Found Gero's Gadget Boutique.
 12304 | Bazaar   | Bought a jasper-encrusted scale mail for 243 gold pieces
 12314 | Bazaar   | Identified the +5 scale mail "Carun" {rPois MR+ Str+2 Int-4} (You bought it in a shop in a bazaar)
 12531 | D:11     | Noticed an unseen horror
 12537 | D:11     | Killed an unseen horror
 12585 | D:11     | Noticed a two-headed ogre
 12594 | D:11     | Killed a two-headed ogre
 13136 | D:11     | Received a gift from Trog
 13300 | D:12     | Noticed Lanoc's ghost (journeyman DsMo)
 13316 | D:12     | Killed Lanoc's ghost
 13411 | D:12     | Gained mutation: You are completely attuned to the shadows. [demonic ancestry]
 13411 | D:12     | Reached XP level 12. HP: 95/96 MP: 9/12
 13452 | D:12     | Found a labyrinth entrance.
 13460 | D:12     | Received a gift from Trog
 13543 | Lab      | Entered a labyrinth
 13855 | Lab      | Found an exit through the horrors of the Abyss.
 14055 | Lab      | Noticed a minotaur
 14070 | Lab      | HP: 4/144 [minotaur/ichor-stained dagger {freeze} (12)]
 14073 | Lab      | HP: 1/96 [minotaur/ichor-stained dagger {freeze} (2)]
 14073 | Lab      | Identified the +9 dagger of the Median {freeze, *Slow rF+++ Dex+9}
 14073 | Lab      | Slain by a minotaur

Skill      XL: |  1  2  3  4  5  6  7  8  9 10 11 |
---------------+----------------------------------+-----
Unarmed Combat | 3 4 5 6 7 8 |  8.7
Armour         | 2 3 4 5 6 7 8 |  8.5
Dodging        | 2 3 4 5 6 7 8 |  8.4
Fighting       | 4 5 6 7 8 9 |  9.7
Throwing       | 2 3 5 6 7 |  7.6

Action                   |  1- 3 |  4- 6 |  7- 9 | 10-12 || total
-------------------------+-------+-------+-------+-------++-------
Melee: Unarmed           |    88 |   270 |   387 |   500 ||  1245
       Punch             |       |     3 |    17 |    28 ||    48
Throw: Javelin           |       |       |     9 |     5 ||    14
       Tomahawk          |       |       |       |    20 ||    20
Invok: Berserk           |     6 |    11 |    17 |    24 ||    58
       Burn Spellbooks   |       |     2 |     1 |     3 ||     6
       Brothers in Arms  |       |       |       |     2 ||     2
       Trog's Hand       |       |       |       |     2 ||     2
  Use: Potion            |       |       |     4 |       ||     4
       Scroll            |       |       |       |    23 ||    23
 Stab: Sleeping          |       |    14 |     9 |    13 ||    36
       Distracted        |       |       |     1 |       ||     1
  Eat: Chunk             |     5 |    21 |    17 |    37 ||    80
       Meat ration       |       |       |     2 |       ||     2
       Fruit             |       |       |     4 |       ||     4
       Royal jelly       |       |       |     1 |     4 ||     5
Armor: Animal skin       |    18 |    51 |    50 |    39 ||   158
       Skin              |       |       |    38 |       ||    38
       Scale mail        |       |       |       |    56 ||    56
       Troll leather arm |       |       |       |    11 ||    11
Dodge: Dodged            |    55 |   178 |   222 |   369 ||   824
